Cogmind - Beta 17.1 @@@ ROGUE MODE // 2026.08.18 @ 19:47:21 Player: Alicianrone Result: Destroyed self with Rocket Launcher Performance ------------- Evolutions (0) 0 Regions Visited (2) 400 Robots Destroyed (34) 170 Value Destroyed (684) 684 Prototype IDs (2) 40 Alien Tech Used (0) 0 Bonus (5000) 5000 TOTAL SCORE: 6294 Bonus ------- Prayed to X0-1V1 5000 Cogmind --------- Core Integrity 0/100 Matter 268/300 Energy 265/265 System Corruption 2% Temperature Cool (0) Movement Treading (320) Ox2 Location -10/Mines Parts ------- > --- POWER (1) -------- Improved Ion Engine > --- PROPULSION (2) --- Light Treads Compact Wheel > --- UTILITY (2) ------ High-capacity Storage Unit X0-1V1's Piety Tracker > --- WEAPON (2) ------- Improved Light Cannon (fused) Rocket Launcher > --- INVENTORY (20) --- Improved Ion Engine Light Treads Light Treads Light Treads Wheel Wheel Compact Wheel Sensor Array Medium Armor Plating Medium Armor Plating Medium Armor Plating Medium Armor Plating Hacking Suite Subdweller Machine Gun Improved Light Cannon Peak State ------------ > --- POWER ------------ Improved Ion Engine > --- PROPULSION ------- Light Treads Compact Wheel > --- UTILITY ---------- Large Storage Unit X0-1V1's Piety Tracker > --- WEAPON ----------- Improved Light Cannon Improved Light Cannon > --- INVENTORY -------- Improved Ion Engine Light Treads Light Treads Light Treads Wheel Wheel Wheel Compact Wheel Sensor Array Medium Armor Plating Medium Armor Plating Medium Armor Plating Hacking Suite Subdweller Machine Gun Rocket Launcher [Rating: 24] Favorites ----------- Power Ion Engine Engine Ion Engine Propulsion Light Treads Treads Light Treads Wheel Compact Wheel Utility Seismic Detector Device Seismic Detector Storage Large Storage Unit Protection Medium Armor Plating Weapon Improved Light Cannon Energy Gun EM Pulse Gun Ballistic Gun Assault Rifle Ballistic Cannon Improved Light Cannon Launcher Mini Grenade Launcher Build | -11 -10 -10 ------- Run | Yrd Mat Min Slots Evolved . | . . . Power . | . . . Propulsion . | . . . Utility . | . . . Weapon . | . . . Parts Attached 20 | 7 11 2 Power 2 | 1 1 . Engine 2 | 1 1 . Core . | . . . Reactor . | . . . Propulsion 4 | 2 2 . Treads 2 | . 2 . Leg . | . . . Wheel 2 | 2 . . Hover . | . . . Flight . | . . . Utility 6 | 2 3 1 Device 2 | 1 1 . Storage 3 | 1 1 1 Processor . | . . . Hackware . | . . . Protection 1 | . 1 . Artifact . | . . . Weapon 8 | 2 5 1 Energy Gun 1 | 1 . . Energy Cannon . | . . . Ballistic Gun 1 | 1 . . Ballistic Cannon 4 | . 4 . Launcher 2 | . 1 1 Special Weapon . | . . . Impact Weapon . | . . . Slashing Weapon . | . . . Piercing Weapon . | . . . Special Melee Weapon . | . . . Unidentified Prototypes 1 | . 1 . Parts Lost 1 | . 1 . Power . | . . . Propulsion . | . . . Utility 1 | . 1 . Weapon . | . . . Highest Loss Streak 1 | . 1 . To Critical Strikes . | . . . Average Backups 9 | 1 9 15 Power . | . . 1 Propulsion 3 | 1 3 6 Utility . | . . 6 Weapon 4 | . 4 2 Tool/Special . | . . . Unused Backups 16 | . 5 11 Power 2 | . 1 1 Propulsion 5 | . 1 4 Utility 5 | . . 5 Weapon 3 | . 2 1 Tool/Special 1 | . 1 . Average Slot Usage (%) 97 | . 97 100 Engine 14 | . 14 14 Treads 23 | . 23 14 Wheel 4 | . 4 14 Device 9 | . 9 14 Storage 14 | . 14 14 Protection 2 | . 2 . Ballistic Cannon 27 | . 27 28 Peak Build Rating 24 | 7 24 24 Average Rating 10 | 4 10 24 On Entrance 10 | . 7 24 Avg Prop Armor Cover (%) 8 | . 8 11 Naked Turns . | . . . Heaviest Build 56 | 15 42 56 Greatest Support 40 | 26 40 16 Greatest Overweight (x) 3 | . 2 3 Average Overweight (x) . | . . 2 Largest Inventory Capacity 20 | 8 15 20 Average Capacity 11 | 6 11 17 Most Carried 15 | 3 15 15 Average Carried 9 | 1 9 15 Final Capacity 20 | 8 15 20 Final Carried 15 | 3 15 15 Class Distribution -------------------- 100% | Mutant Dominant Class ---------------- Mutant | -10/Materials Mutant | -10/Mines Resources | -11 -10 -10 ----------- Run | Yrd Mat Min Matter Collected 994 | 210 774 10 Remotely . | . . . Salvage Created 625 | 25 587 13 Parts 58 | 4 48 6 Haulers Intercepted 2 | . 2 . Recyclers Shooed . | . . . Parts Field Recycled . | . . . Retrieved Matter . | . . . Parts Self-Destructed . | . . . Prevented . | . . . Parts Restored . | . . . Kills | -11 -10 -10 ------- Run | Yrd Mat Min Combat Hostiles Destroyed 25 | . 22 3 Cannons 14 | . 14 . AOE 11 | . 8 3 Classes Destroyed 8 | 1 7 . Builder 1 | . 1 . Tunneler 1 | 1 . . Hauler 2 | . 2 . Recycler 1 | . 1 . Operator 1 | . 1 . Watcher 3 | . 3 . Swarmer 12 | . 9 3 Grunt 13 | . 13 . Best Kill Streak 4 | 1 4 3 Combat Bots Only 4 | . 4 3 Max Kills in Single Turn 3 | 1 3 2 Gunslinging . | . . . Exploded 3 | . 3 2 Melee . | . . . Uniques/NPCs Destroyed . | . . . Combat | -11 -10 -10 -------- Run | Yrd Mat Min Hostile Shots Fired 63 | . 58 5 Missed 20 | . 17 3 Hits 43 | . 41 2 Projectile 43 | . 41 2 Critical Strikes 1 | . 1 . Damage Taken 564 | . 495 69 Core 101 | . 49 52 Absorbed by Shields . | . . . Core Remaining (%) 100 | 100 . . Volleys Fired 67 | 3 62 2 Largest 2 | 2 2 1 Hottest 66 | 60 66 33 Shots Fired 125 | 6 117 2 Gun 6 | 6 . . Cannon 110 | . 110 . Launcher 9 | . 7 2 Special . | . . . Kinetic 113 | 3 110 . Thermal . | . . . Explosive 9 | . 7 2 Electromagnetic 3 | 3 . . Robot Hit Streak 10 | 1 10 . Robot Miss Streak 4 | 3 4 . Penetration Max . | . . . Secondary Targets . | . . . Shots Hit Robots 67 | 2 65 . Core Hits 37 | 2 32 3 Critical Kills . | . . . Critical Parts Destroyed . | . . . Critical Strikes 2 | . 2 . Blast 2 | . 2 . Melee Attacks . | . . . Impact . | . . . Slashing . | . . . Piercing . | . . . Sneak Attacks . | . . . Combat Hostiles . | . . . Follow-up Attacks . | . . . Damage Inflicted 2083 | 24 1840 219 Guns 24 | 24 . . Cannons 1341 | . 1341 . Explosions 718 | . 499 219 Melee . | . . . Ramming . | . . . Kinetic 1341 | . 1341 . Thermal . | . . . Explosive 718 | . 499 219 Electromagnetic 24 | 24 . . Impact . | . . . Slashing . | . . . Piercing . | . . . Highest Corruption 2 | . . 2 Average Corruption 2 | . . 2 Corruption Purged . | . . . Corruption Blocked . | . . . Effects 1 | . . 1 Parts Fused 1 | . . 1 Overload Shots . | . . . Overflow Damage 38 | . 36 2 Projectiles 36 | . 36 . Explosions 2 | . . 2 Melee . | . . . Knockbacks 11 | . 11 . Impact . | . . . Kinetic 11 | . 11 . Secondary . | . . . Self-Inflicted Damage 61 | . . 61 Shots 2 | . . 2 Rammed . | . . . Targets Rammed . | . . . Kicked . | . . . Crushed . | . . . Highest Temperature 84 | . 84 . Average Temperature 19 | . 19 . Received Heat Transfer 180 | . 180 . Siege Activations . | . . . Martial Activations . | . . . Shielding Activations . | . . . Robots Disrupted . | . . . Combat Hostiles . | . . . Robots Corrupted . | . . . Combat Hostiles . | . . . Parts Fried . | . . . Impact Corruptions . | . . . Robots Melted . | . . . Combat Hostiles . | . . . Parts Melted . | . . . Heat Transferred . | . . . Parts Sabotaged . | . . . Parts Stolen . | . . . Parts Stripped . | . . . Power Chain Reactions . | . . . Alert | -11 -10 -10 ------- Run | Yrd Mat Min Maximum Alert Level 1 | . 1 . Low Security (%) 57 | 100 54 100 Level 1 42 | . 45 . Level 2 . | . . . Level 3 . | . . . Level 4 . | . . . Level 5 . | . . . High Security . | . . . Max Security . | . . . Peak Influence 281 | 5 281 95 Initial 72 | . . 72 Average 159 | 1 167 65 Influence Increases 834 | 5 743 86 Destroy 0b10 Robot/C 500 | . 440 60 Destroy 0b10 Robot/NC 45 | 5 40 . Destroy Leader 120 | . 110 10 Select Force Hacks 60 | . 60 . Disable Machine 15 | . 15 . Destroy Structure 79 | . 63 16 Lose Combat Pursuer 15 | . 15 . Influence Decreases 696 | 5 556 135 Entered New Map 115 | . . 115 Time Decay 571 | 5 546 20 Lost Part 10 | . 10 . Squads Dispatched 5 | . 5 . Investigation 3 | . 3 . Extermination . | . . . Reinforcement 2 | . 2 . Assault . | . . . Garrison . | . . . Intercept . | . . . Searches Triggered . | . . . Construction Impeded . | . . . Haulers Reinforced . | . . . Active Scanning Responses . | . . . Cargo Convoy Interrupts . | . . . Stealth | -11 -10 -10 --------- Run | Yrd Mat Min Distress Signals 1 | . 1 . Communications Jammed . | . . . Distress Signals . | . . . Times Spotted 32 | . 29 3 Peak Tracking Total 3 | . 3 3 Tactical Retreats 1 | . 1 . Traps | -11 -10 -10 ------- Run | Yrd Mat Min Traps Triggered 3 | . 3 . Indirectly . | . . . Trap Hack Attempts . | . . . Triggered . | . . . Disarmed . | . . . Reprogrammed . | . . . Reused . | . . . Traps Extracted . | . . . Installed . | . . . Triggered . | . . . Machines | -11 -10 -10 ---------- Run | Yrd Mat Min Machines Disabled 1 | . 1 . Max in Single Turn 1 | . 1 . Machines Repaired . | . . . Machines Dismantled . | . . . Machines Sabotaged . | . . . Overloaded Fab Kills . | . . . Hacking | -11 -10 -10 --------- Run | Yrd Mat Min Machines Accessed 4 | . 4 . Terminals 2 | . 2 . Fabricators . | . . . Repair Stations . | . . . Recycling Units 2 | . 2 . Scanalyzers . | . . . Garrison Access . | . . . Total Hacks 9 | . 9 . Successful 3 | . 3 . Failed 6 | . 6 . Catastrophic . | . . . Database Lockouts . | . . . Manual 7 | . 7 . Terminals 6 | . 6 . Fabricators . | . . . Repair Stations . | . . . Recycling Units 3 | . 3 . Scanalyzers . | . . . Garrison Access . | . . . Terminal Hacks 1 | . 1 . Robot Analysis 1 | . 1 . Fabricator Hacks . | . . . Repair Station Hacks . | . . . Recycling Unit Hacks . | . . . Scanalyzer . | . . . Garrison Access Hacks . | . . . Unauthorized Hacks 2 | . 2 . Terminals . | . . . Fabricators . | . . . Repair Stations . | . . . Recycling Units 2 | . 2 . Tunnel 2 | . 2 . Scanalyzers . | . . . Garrison Access . | . . . Data Cores Recovered . | . . . Used . | . . . Hacking Detections 2 | . 2 . Full Trace Events . | . . . Feedback Events . | . . . Feedback Blocked . | . . . Robot Schematics Acquired . | . . . Robots Built . | . . . Authchips . | . . . Time . | . . . Total Robot Build Rating . | . . . Part Schematics Acquired . | . . . Parts Built . | . . . Authchips . | . . . Time . | . . . Total Part Build Rating . | . . . Part Studies Acquired . | . . . Parts Repaired . | . . . Time . | . . . Parts Recycled . | . . . Recycled Matter . | . . . Retrieved Matter . | . . . Retrieved Components . | . . . Parts Scanalyzed . | . . . Part Schematics Acquired . | . . . Parts Damaged . | . . . Bothacking | -11 -10 -10 ------------ Run | Yrd Mat Min Used RIF Installer . | . . . Robots Hacked . | . . . Non-combat . | . . . Combat . | . . . Robot Hacks Applied . | . . . Relay Couplers Released . | . . . Fabnet Peak Effective % . | . . . Robots Rewired . | . . . Allies Hacked . | . . . Hacks Repelled . | . . . Allies | -11 -10 -10 -------- Run | Yrd Mat Min Total Allies . | . . . Largest Group . | . . . Highest-Rated Group . | . . . Highest-Rated Ally . | . . . Total Orders . | . . . Ally Attacks . | . . . Total Damage . | . . . Kills . | . . . Allies Corrupted . | . . . Allies Melted . | . . . X0-1V1 Amusement Gains 101 | . 3 98 Average Entertainment 3 | . 6 2 Bad Acts 1 | . . 1 Intel | -11 -10 -10 ------- Run | Yrd Mat Min Active Infowar (turns) 1144 | 13 1131 . Seismic 1144 | 13 1131 . Robot Analysis Total 1 | . 1 . Derelict Logs Recovered . | . . . Drone Launches . | . . . Drone Recoveries . | . . . Exploration | -11 -10 -10 ------------- Run | Yrd Mat Min Turns Passed 1834 | 55 1729 50 Spaces Moved 971 | 39 899 33 Core 4 | 4 . . Treads 582 | . 582 . Legs . | . . . Wheels 385 | 35 317 33 Hover . | . . . Flight . | . . . Fastest Speed 50 | 50 90 130 Average Speed 141 | 85 144 135 Slowest Speed 160 | 90 160 145 Overloaded Moves . | . . . Propulsion Burnouts . | . . . Robots Hopped . | . . . Potential Cave-ins . | . . . Cave-ins Triggered . | . . . Exploration Rate (%) 38 | 4 97 13 Regions Visited 2 Branch Regions 1 Pre-discovered Areas 2 | . 2 . Known Exits Taken . | . . . Unknown Exits Taken 2 | 1 1 . Scrap Searched 1 | . . 1 Spaces Dug . | . . . Terrain Destroyed 79 | . 62 17 Melee . | . . . Projectile 4 | . 4 . AOE 75 | . 58 17 Terrain Rammed . | . . . Walls Destroyed . | . . . Machines Disabled . | . . . Actions | -11 -10 -10 --------- Run | Yrd Mat Min Total 1301 | 51 1212 38 Wait 195 | . 195 . Move 969 | 38 898 33 Hop . | . . . Pick Up 25 | 3 22 . Fast Attach 11 | 7 4 . Attach 1 | . 1 . Detach . | . . . Swap 17 | . 15 2 Drop 16 | . 15 1 Fire 67 | 3 62 2 Melee . | . . . Ram . | . . . Kick . | . . . Crush . | . . . Escape Stasis . | . . . Rewire . | . . . Trap . | . . . Miscellaneous . | . . . Route ------- -11/Scrapyard -10/Materials (discovered 6 exits: [*Mat x3] / [*Min x2] / [*Sub]) -10/Mines History --------- Turn | Location | Event 3 | -11/Scrapyard | Discovered new exit (range 15) 56 | -11/Scrapyard | Entered Materials 305 | -10/Materials | Build established: Mutant 350 | -10/Materials | Discovered new exit (range 13) 394 | -10/Materials | Discovered new exit (range 10) 705 | -10/Materials | Discovered new exit (range 13) 738 | -10/Materials | Discovered new exit (range 15) 836 | -10/Materials | Discovered new exit (range 8) 956 | -10/Materials | Derelicts attacked the area 1084 | -10/Materials | Discovered new exit (range 5) 1760 | -10/Materials | Made a sacrifice at D.C.S.S. Altar Unit 1760 | -10/Materials | Forcibly received Sfc. Transmogifier from X0-1V1 1785 | -10/Materials | Entered Mines 1832 | -10/Mines | Core integrity fell below 50% 1834 | -10/Mines | Core integrity fell below 20% 1835 | -10/Mines | Destroyed self with Rocket Launcher Last Messages --------------- Something is scanning the area. 01786_ K-01 Serf collects debris. 01797_ X0-1V1: "It's not much, but it's the thought that counts. (+2 system corruption)" 01800_ K-01 Serf collects debris. 01809_ System corrupted: Imp. Light Cannon fused. 01809_ Searching scrap... 01809_ Found Hover Unit. 01809_ Found Lrg. Storage Unit. 01809_ Found Med. Storage Unit. 01809_ Found Hcp. Storage Unit. 01809_ Found 47 Matter. 01813_ K-01 Serf collects debris. 01814_ Dropped Lrg. Storage Unit. 01816_ Acquired 10 matter. 01818_ K-01 Serf collects debris. 01833_ S-10 Pest destroyed. 01835_ Destroyed Mining Laser. 01835_ X0-1V1 howls with laughter! Map ----- +----------------------------------------------------+ | ?????????????????????????????????????????????????? | | ?????????????????????????????????????????????????? | | ?????????????????????????????????????????????????? | | ?????????????????????????????????????????????????? | | ?????????????????????????????????????????????????? | | ?????????????????????????????????????????????????? | | ?????????????????????????????????????????????????? | | ?????????????????????????????????????????????????? | | ?????????????????????????????????????????????????? | | ?????????????????????????????????????????????????? | | ?????????????????????????????????????????????????? | | ?????????????????????????????????????????????????? | | ?????????????????????????????????????????????????? | | ????????????###????????????##????????????????????? | | ???????????## #?????????? ##???????????????????? | | ???????????# #????????? ###?????????????????? | | ???????????? ????????? ##????????????????? | | ????????????# ##??????? #????????????????? | | ?????????????# ##?????? ?????????????????? | | ??????????????# #?????? [ ??????????????????? | | ???????????????# ##???## % #??????????????????? | | ??????# ?????# #???# % #??????????????????? | | ??????# ###### #???# * #?????????????????? | | ??????# %! ##??# [ ### #?????????? | | ??????# !!= #### t ????????????? | | ??????# ### @ #??????????????????? | | ??????# ???# ## ###??????????????????? | | ??????# ????## ########????????????????????? | | ??????# ???????## # #???????????????????????????? | | ??????#?????????#### #???????????????????????????? | | ?????# ######## #???????????????????????????? | | ???? #???????????????????????????? | | ???????????######### #?#######???????????????????? | | ???????????????????# ### #???????????????????? | | ???????????????????# #???????????????????? | | ???????????????????##### #???????????????????? | | ???????????????????????# #???????????????????? | | ???????????????????????# #???????????????????? | | ???????????????????????# #???????????????????? | | ???????????????????????#######???????????????????? | | ?????????????????????????????????????????????????? | | ?????????????????????????????????????????????????? | | | | | | | | | | | | | | | | | +----------------------------------------------------+ Best States ------------- Heat Dissipation 25 Energy Generation 12 Energy Capacity 265 Matter Stores 300 Matter Capacity 300 Sight Range 16 Terrain Scan Density 10 Armor Coverage 225 Evasion (%) 42 Recoil Reduction 2 Item Schematics ----------------- None Robot Schematics ------------------ None Fabricated ------------ Nothing Repaired ---------- Nothing Studied --------- None Alien Tech Used ----------------- None Achievements -------------- None Challenges ------------ None Game ------ Seed ImprinterSupersonicChainsaw Manual? 0 Play Time 00:10:58 Cumulative 1021.9 hours Start 2026.08.18 @ 19:36:03 End 2026.08.18 @ 19:47:21 Sessions 1 Manual Loads 0 Difficulty Rogue Special Mode None Game No. 286 Rogue 286 Adventurer 0 Explorer 0 Win Type - Total 45 Types 13/9/11/2/2/0/4/1/1/2 Lore% 96 Gallery% 90 Achievement% 86 Wizard Run 0 Options --------- Layout 1 ASCII 0 Keyboard 0 Movement Mouse Keybinds 0 Fullscreen 2 Font 32/SmallcapsGlow Map View 50x35 Zoom Use 0% Tactical HUD 1 Map Filters NONE Filters NONE Steam 1 RUN: 42386fd5-6915-4cf3-91f5-1718fde570d8